AoeStats
← 邪惡貓貓頭ಥ_ಥ

MegaRandom

508822309Analyzed
4v4 RM · 9d ago on Sep 24, 2026· 30m 33s· 8 players
Game mode
Random Map
Map size
Large (8 player)
Population
200
Speed
Normal
Resources
Standard
Victory
Conquest
Starting age
Dark Age
Ending age
Imperial Age
RankedLock teamsTeams togetherTeam positionsShared explorationLock speedFull tech treeHidden civsTurbo modeCheats
Victory
Defeat
🇬🇧 Varangians · United Kingdom
1593
+11
🇹🇼 Shu · Taiwan
1451
+16
🇹🇼 Danes · Taiwan
1407
+18
🇦🇷 Franks · Argentina
1490
-16
🇨🇳 Mongols · China
1448
-15
🇨🇿 Persians · Czechia
1448
-15
🇨🇳 Burgundians · China
1447
-15
邪惡貓貓頭ಥ_ಥ
1:01 Loom
9:09 Feudal Age
10:00 Double-Bit Axe
10:50 Horse Collar
17:15 Bloodlines
22:24 Castle Age
21:06 Scale Barding Armor
21:31 Gold Mining
23:33 Chain Barding Armor
23:33 Bow Saw
25:32 Wheelbarrow
25:32 Husbandry
阿姆斯特朗旋風噴射騎鯊聖熊
6:39 Loom
9:26 Feudal Age
10:07 Double-Bit Axe
10:09 Horse Collar
15:13 Scale Barding Armor
16:57 Forging
20:11 Bloodlines
23:46 Wheelbarrow
27:10 Castle Age
28:22 Chain Barding Armor
28:38 Iron Casting
29:29 Bow Saw
sawadcard
3:02 Loom
9:23 Feudal Age
13:47 Fletching
22:07 Castle Age
20:12 Horse Collar
20:32 Gold Mining
21:19 Double-Bit Axe
22:43 Padded Archer Armor
22:09 Crossbowman
22:54 Bodkin Arrow
24:31 Padded Archer Armor
25:32 Ballistics
BBBBBBBB
6:49 Loom
9:28 Feudal Age
11:44 Fletching
14:12 Double-Bit Axe
25:32 Castle Age
24:26 Padded Archer Armor
24:36 Gold Mining
24:31 Horse Collar
25:36 Crossbowman
26:24 Bodkin Arrow
27:05 Bow Saw
29:28 Ballistics
黑石塔
5:21 Double-Bit Axe
10:03 Wheelbarrow
12:00 Feudal Age
12:20 Loom
13:52 Horse Collar
14:25 Bow Saw
19:48 Scale Barding Armor
21:39 Hand Cart
21:42 Forging
26:09 Castle Age
24:46 Heavy Plow
26:13 Cavalier
26:53 Husbandry
28:00 Chain Barding Armor
120057903
5:16 Loom
9:23 Feudal Age
11:21 Double-Bit Axe
16:06 Fletching
17:21 Padded Archer Armor
24:05 Stone Mining
29:10 Castle Age
29:58 Crossbowman
BĂNG GIÁ PRO
7:40 Loom
9:49 Feudal Age
10:53 Double-Bit Axe
16:05 Forging
17:20 Scale Barding Armor
21:19 Castle Age
22:26 Chain Barding Armor
22:30 Bow Saw
23:02 Husbandry
24:10 Gold Mining
28:49 Gold Shaft Mining
29:31 Iron Casting
28:33 Light Cavalry
31:08 Wheelbarrow
Joseph90
6:34 Loom
9:32 Feudal Age
10:32 Double-Bit Axe
11:12 Horse Collar
14:03 Forging
14:18 Scale Barding Armor
16:43 Wheelbarrow
21:51 Bloodlines
30:21 Castle Age
28:47 Gold Mining
Connection lost

Rejoining the realm…

Still unreachable

The connection could not be restored.

Session expired

The server has moved on; the page needs a fresh start.